 Dungeon Crawl Stone Soup version 0.23.0 (webtiles) character file.

Game seed: 3631226388307370572

5193 Enish the Cleaver (level 10, -9/136 HPs)
             Began as a Minotaur Berserker on Feb 14, 2019.
             Was a High Priest of Trog.
             Mangled by a freezing wraith (17 damage)
             ... on level 9 of the Dungeon.
             The game lasted 00:08:30 (9654 turns).

Enish the Cleaver (Minotaur Berserker)              Turns: 9654, Time: 00:08:31

Health: -9/136     AC:  6    Str: 30    XL:     10   Next: 34%
Magic:  9/9        EV: 15    Int:  9    God:    Trog [*****.]
Gold:   122        SH:  6    Dex: 10    Spells: 9/9 levels left

rFire    . . .     SeeInvis .   y - +7 broad axe (vamp)
rCold    . . .     Gourm    +   d - +2 buckler
rNeg     . . .     Faith    .   b - +0 animal skin
rPois    +         Spirit   .   (helmet restricted)
rElec    .         Reflect  .   c - +1 cloak
rCorr    .         Harm     .   B - +0 pair of gloves
MR       .....                  (no boots)
Stlth    ..........             x - amulet of the gourmand
HPRegen  0.32/turn              o - ring of poison resistance
MPRegen  0.11/turn              k - ring "Osaigigh" {+Blink rPois Int+5 Slay+2}

@: berserking, slowed
A: retaliatory headbutt, horns 2
a: Berserk, Trog's Hand, Brothers in Arms, Renounce Religion, Evoke Blink


You were on level 9 of the Dungeon.
You worshipped Trog.
Trog was extremely pleased with you.
You were very full.

You visited 1 branch of the dungeon, and saw 9 of its levels.

You collected 564 gold pieces.
You spent 442 gold pieces at shops.

Inventory:

Hand Weapons
 a - a +0 hand axe
 y - a +7 vampiric broad axe (weapon)
   (You bought it in a shop on level 4 of the Dungeon)
Armour
 b - a +0 animal skin (worn)
 c - a +1 cloak (worn)
   (You found it on level 6 of the Dungeon)
 d - a +2 buckler (worn)
   (You found it on level 1 of the Dungeon)
 B - a +0 pair of gloves (worn)
   (You bought it in a shop on level 8 of the Dungeon)
Jewellery
 i - the ring "Soch" {Fire +Blink Int+2 Dex+2}
   (You bought it in a shop on level 4 of the Dungeon)

   [ring of fire]

   It enhances your fire magic.
   It affects your intelligence (+2).
   It affects your dexterity (+2).
   It protects you from fire.
   It makes you vulnerable to cold.
   It lets you blink.
 k - the ring "Osaigigh" (right hand) {+Blink rPois Int+5 Slay+2}
   (You found it on level 4 of the Dungeon)

   [ring of intelligence]

   It affects your intelligence (+5).
   It affects your accuracy and damage with ranged weapons and melee attacks
   (+2).
   It protects you from poison.
   It lets you blink.
 n - an uncursed ring of fire
   (You found it on level 5 of the Dungeon)
 o - a ring of poison resistance (left hand)
   (You found it on level 6 of the Dungeon)
 v - an uncursed amulet of harm {unknown}
   (You found it on level 8 of the Dungeon)
 x - an amulet of the gourmand (around neck)
   (You found it on level 5 of the Dungeon)
 A - an uncursed amulet of regeneration {unknown}
   (You found it on level 8 of the Dungeon)
Wands
 m - a wand of paralysis (10)
   (You took it off an orc priest on level 5 of the Dungeon)
Scrolls
 f - a scroll of random uselessness
 g - a scroll of enchant armour {unknown}
 p - a scroll of acquirement {unknown}
 r - 7 scrolls of identify
 t - 3 scrolls of teleportation
 u - a scroll of fog
 z - a scroll of enchant weapon
 C - 7 scrolls of remove curse
Potions
 h - a potion of haste
 j - 2 potions of mutation {unknown}
 l - 2 potions of brilliance
 q - 13 potions of curing
 s - 2 potions of degeneration {unknown}
 w - a potion of heal wounds
Comestibles
 e - 10 rations


   Skills:
 + Level 9.5 Fighting
 * Level 10.5 Axes
 + Level 9.0 Armour
 + Level 8.3 Dodging
 - Level 3.3 Shields


You had 9 spell levels left.
You didn't know any spells.
Your spell library was empty.

Dungeon Overview and Level Annotations

Branches:
Dungeon (9/15)             Temple (0/1) D:4            Lair (0/6) D:8
    Orc: D:9-12

Altars:
Dithmenos
Fedhas
Ru
Xom
The Shining One

Shops:
D:4 *   D:7 ?   D:8 [

Annotations:
D:7 1 runed translucent door, H0rd4k's ghost, novice HuAr


Innate Abilities, Weirdness & Mutations

You reflexively headbutt those who attack you in melee.
You have a pair of horns on your head.


Message History

The freezing wraith is almost destroyed.
The freezing wraith hits you but does no damage. x2
You barely miss the freezing wraith.
The freezing wraith is almost destroyed.
The freezing wraith misses you. x2; The freezing wraith barely misses you.
You furiously retaliate!
You headbutt the freezing wraith, but do no damage.
The freezing wraith misses you.
A red film seems to cover your vision as you go berserk!
You feel yourself moving faster!
You feel mighty!
You feel quite a bit less full. The freezing wraith hits you!
* * * LOW HITPOINT WARNING * * *
The freezing wraith freezes you!
* * * LOW HITPOINT WARNING * * *
The freezing wraith hits you!
* * * LOW HITPOINT WARNING * * *
The freezing wraith hits you!
* * * LOW HITPOINT WARNING * * *
The freezing wraith freezes you!
You die...

####### # ....... #
....... # [......
########### .......
'.........#######.......
#########.......@W......
# #########....... #
....... # ....... #
####+## # #


You could see a freezing wraith.

Vanquished Creatures
  A hippogriff (D:8)
  Sigmund (D:6)
  5 yaks (D:8)
  A basilisk (D:8)
  Eustachio (D:4)
  Edmund (D:4)
  3 hungry ghosts
  2 porcupines (D:8)
  An orc warrior (D:6)
  2 phantoms
  3 sky beasts
  A black bear (D:6)
  An ice beast (D:6)
  6 ogres
  A centaur (D:6)
  2 crocodiles (D:8)
  A big kobold (D:7)
  Blork the orc (D:4)
  2 bullfrogs
  3 scorpions
  2 howler monkeys (D:7)
  4 crimson imps
  An orc priest (D:5)
  8 hounds
  A bullfrog skeleton (D:8)
  5 iguanas
  13 orc wizards
  2 worker ants
  4 gnolls (D:3)
  5 adders
  4 shadow imps
  An ooze (D:4)
  4 worms
  3 dart slugs
  3 leopard geckos
  28 orcs
  A ball python (D:3)
  5 giant cockroaches
  15 goblins
  9 hobgoblins
  4 jackals (D:1)
  2 quokkas
  7 bats
  6 frilled lizards
  A giant cockroach zombie (D:5)
  12 kobolds
  7 rats
196 creatures vanquished.

Notes
Turn   | Place    | Note
-------+----------+-------------------------------------------
     0 | D:1      | Enish the Minotaur Berserker began the quest for the Orb.
     0 | D:1      | Reached XP level 1. HP: 19/19 MP: 0/0
   234 | D:1      | Reached XP level 2. HP: 27/27 MP: 1/1
   512 | D:1      | Reached skill level 4 in Axes
   515 | D:1      | Reached ** piety under Trog
   767 | D:1      | Reached XP level 3. HP: 24/33 MP: 2/2
  2092 | D:2      | Noticed a sky beast
  2099 | D:2      | Reached XP level 4. HP: 25/41 MP: 3/3
  2103 | D:2      | Killed a sky beast
  2103 | D:2      | Reached XP level 5. HP: 8/47 MP: 4/4
  2861 | D:3      | HP: 1/47 [something/magic dart (5)]
  3098 | D:3      | Reached skill level 5 in Fighting
  3099 | D:3      | Reached skill level 5 in Axes
  3105 | D:3      | Reached skill level 1 in Shields
  3124 | D:3      | Noticed an ogre
  3149 | D:4      | Reached XP level 6. HP: 4/56 MP: 5/5
  3777 | D:4      | Noticed Edmund
  3805 | D:4      | Killed Edmund
  3805 | D:4      | Reached XP level 7. HP: 57/61 MP: 6/6
  3932 | D:4      | Found a staircase to the Ecumenical Temple.
  3963 | D:4      | Found Koupaink's Assorted Antiques.
  3966 | D:4      | Bought a coiled lapis lazuli ring for 115 gold pieces
  3966 | D:4      | Identified the ring "Soch" {Fire +Blink Int+2 Dex+2} (You
                  | bought it in a shop on level 4 of the Dungeon)
  4036 | D:4      | Noticed Blork the orc
  4037 | D:4      | Noticed Eustachio
  4046 | D:4      | Killed Blork the orc
  4046 | D:4      | Reached *** piety under Trog
  4046 | D:4      | Reached skill level 5 in Armour
  4058 | D:4      | Killed Eustachio
  4058 | D:4      | Reached skill level 6 in Axes
  4137 | D:4      | Reached skill level 5 in Dodging
  4370 | D:4      | Found a shimmering altar of Xom.
  4386 | D:4      | Got a brightly glowing steel ring
  4780 | D:5      | Entered Level 5 of the Dungeon
  4830 | D:5      | Reached XP level 8. HP: 71/71 MP: 7/7
  5138 | D:5      | Found a glowing golden altar of the Shining One.
  5187 | D:5      | Identified the ring "Osaigigh" {+Blink rPois Int+5 Slay+2}
                  | (You found it on level 4 of the Dungeon)
  5201 | D:5      | Found a shadowy altar of Dithmenos.
  5201 | D:5      | Found a blossoming altar of Fedhas.
  6113 | D:3      | Reached skill level 7 in Axes
  6908 | D:6      | Noticed Sigmund
  6919 | D:6      | Killed Sigmund
  7066 | D:6      | Reached XP level 9. HP: 81/81 MP: 8/8
  7078 | D:6      | Reached **** piety under Trog
  7361 | D:6      | Reached skill level 8 in Axes
  7820 | D:6      | Found a sacrificial altar of Ru.
  8042 | D:4      | Bought a glowing broad axe for 161 gold pieces
  8125 | D:7      | Found Hairuzur's Magic Scroll Boutique.
  8310 | D:7      | Bought a scroll of teleportation for 45 gold pieces
  8539 | D:7      | Reached skill level 9 in Axes
  8735 | D:7      | Found a runed translucent door.
  8736 | D:7      | Noticed H0rd4k's ghost (novice HuAr)
  8911 | D:8      | Found a staircase to the Lair.
  8920 | D:8      | Reached XP level 10. HP: 91/91 MP: 9/9
  8925 | D:8      | Reached skill level 10 in Axes
  8928 | D:8      | Reached ***** piety under Trog
  9264 | D:8      | Found Ihanidde's Antique Armour Shop.
  9271 | D:8      | Bought a pair of gloves for 121 gold pieces
  9654 | D:9      | Mangled by a freezing wraith

Skill      XL: |  1  2  3  4  5  6  7  8  9 10 |
---------------+-------------------------------+-----
Fighting       | 4 5 6 7 9 |  9.5
Axes           | 4 5 6 7 9 10 | 10.5
Armour         | 3 4 5 7 8 9 |  9.0
Dodging        | 3 4 5 6 7 8 |  8.3
Shields        | 1 2 3 |  3.3

Action                   |  1- 3 |  4- 6 |  7- 9 | 10-12 || total
-------------------------+-------+-------+-------+-------++-------
Melee: Hand axe          |    93 |    58 |   229 |       ||   380
       Headbutt          |    12 |     5 |    65 |     9 ||    91
       Unarmed           |       |    19 |       |       ||    19
       Broad axe         |       |       |    47 |    50 ||    97
Invok: Berserk           |     3 |     5 |     6 |     1 ||    15
       Trog's Hand       |       |     3 |     1 |       ||     4
  Use: Scroll            |     3 |     2 |     5 |       ||    10
       Potion            |     2 |     2 |     3 |       ||     7
 Stab: Sleeping          |       |     1 |       |       ||     1
       Paralysed         |       |       |     1 |       ||     1
  Eat: Chunk             |     6 |     4 |    23 |    12 ||    45
       Ration            |       |     3 |     4 |       ||     7
Armor: Animal skin       |    12 |    10 |    32 |     7 ||    61
Dodge: Dodged            |    64 |    48 |   156 |    36 ||   304
Block: Buckler           |       |     9 |    63 |    10 ||    82
